[Event "22nd ETCC Women 2019"]
[Site "Batumi"]
[Date "2019.10.27"]
[Round "4.16"]
[White "Lomaia, Diana"]
[Black "Lehtinen, Helja"]
[Result "1-0"]
[ECO "E95"]
[WhiteElo "1861"]
[BlackElo "1802"]
[Annotator "NA"]
[PlyCount "119"]
[EventDate "2019.10.24"]
[EventType "team-tourn"]
[EventCountry "GEO"]
[SourceTitle "playchess.com"]
[Source "ChessBase"]
[SourceQuality "1"]
[WhiteTeam "Georgia"]
[BlackTeam "Finland"]
[WhiteTeamCountry "GEO"]
[BlackTeamCountry "FIN"]
[TimeControl "40/5400+30:1800+30"]

1. d4 Nf6 2. c4 g6 3. Nc3 Bg7 4. e4 d6 5. Be2 O-O 6. Nf3 Nbd7 7. O-O e5 8. Re1 c6 9. Bf1 exd4 10. Nxd4 Re8 11. Kh1 Nc5 12. f3 a5 13. Rb1 Qc7 14. Be3 Nfd7 15. Qd2 Ne5 16. b3 Ne6 17. Red1 Rd8 18. a3 Nxd4 19. Bxd4 Be6 20. Qf2 Qe7 21. Rd2 c5 22. Bxe5 Bxe5 23. Nb5 Bg7 24. Rbd1 Bf8 25. Qg3 Ra6 26. e5 Raa8 27. Nxd6 f6 28. exf6 Qxf6 29. Ne4 Qe7 30. Qe5 Rxd2 31. Rxd2 Bg7 32. Qxc5 Qxc5 33. Nxc5 Bf5 34. Nxb7 Bc3 35. Rd8+ Rxd8 36. Nxd8 Bb2 37. Nc6 Bxa3 38. Be2 a4 39. bxa4 Bd7 40. Ne5 Bxa4 41. f4 Kg7 42. g3 h5 43. Bd3 Be8 44. Kg2 Bd6 45. Be4 Kf6 46. Nd3 g5 47. Kf3 Bd7 48. Ke3 Bc7 49. Kd4 h4 50. Ne5 Bc8 51. fxg5+ Ke6 52. Ng6 hxg3 53. hxg3 Bxg3 54. Bd5+ Kd7 55. Ne5+ Ke7 56. Ng6+ Kd7 57. Ke4 Kd6 58. Nf4 Ke7 59. Nh5 Kd6 60. Nxg3 {[%emt 0:00:14] Kxd5+} 1-0

[Event "22nd ETCC Women 2019"]
[Site "Batumi"]
[Date "2019.10.27"]
[Round "4.17"]
[White "Mammadzada, Gunay"]
[Black "Bulmaga, Irina"]
[Result "1-0"]
[ECO "E01"]
[WhiteElo "2427"]
[BlackElo "2442"]
[Annotator "NA"]
[PlyCount "81"]
[EventDate "2019.10.24"]
[EventType "team-tourn"]
[EventCountry "GEO"]
[SourceTitle "playchess.com"]
[Source "ChessBase"]
[SourceQuality "1"]
[WhiteTeam "Azerbaijan"]
[BlackTeam "Romania"]
[WhiteTeamCountry "AZE"]
[BlackTeamCountry "ROU"]
[TimeControl "40/5400+30:1800+30"]

1. d4 Nf6 2. c4 e6 3. g3 d5 4. Bg2 Bb4+ 5. Bd2 Be7 6. Nf3 O-O 7. O-O c6 8. Bf4 Nbd7 9. Nc3 b6 10. cxd5 Nxd5 11. Nxd5 cxd5 12. Qa4 a5 13. Rfc1 Ba6 14. Qd1 Ra7 15. h4 b5 16. Rc2 Nb6 17. Ne5 Bb7 18. Nxf7 Rxf7 19. Bc7 Qf8 20. Bxb6 Ra6 21. Bc5 Bxc5 22. Rxc5 e5 23. Rxb5 Bc6 24. Rc5 e4 25. Rac1 Qd6 26. Qc2 Rf6 27. e3 Qe6 28. Qb3 a4 29. Qb8+ Rf8 30. Qe5 Re8 31. Qxe6+ Rxe6 32. Bxe4 dxe4 33. d5 Bxd5 34. Rxd5 Re8 35. Rc7 Rf8 36. h5 Rh6 37. Rdd7 Rxh5 38. Rxg7+ Kh8 39. Rge7 Rh6 40. Rxe4 Rhf6 41. Ree7 1-0

[Event "22nd ETCC Women 2019"]
[Site "Batumi"]
[Date "2019.10.27"]
[Round "4.17"]
[White "Worek, Joanna"]
[Black "Stojkovska, Monika"]
[Result "1-0"]
[ECO "E17"]
[WhiteElo "2319"]
[BlackElo "2108"]
[Annotator "NA"]
[PlyCount "65"]
[EventDate "2019.10.24"]
[EventType "team-tourn"]
[EventCountry "GEO"]
[SourceTitle "playchess.com"]
[Source "ChessBase"]
[SourceQuality "1"]
[WhiteTeam "Czech Republic"]
[BlackTeam "Macedonia"]
[WhiteTeamCountry "CZE"]
[BlackTeamCountry "MKD"]
[TimeControl "40/5400+30:1800+30"]

1. d4 e6 2. c4 Nf6 3. Nf3 b6 4. g3 Bb7 5. Bg2 Be7 6. O-O O-O 7. d5 exd5 8. Nh4 c6 9. cxd5 Nxd5 10. Nf5 Bc5 11. e4 Ne7 12. Nxg7 Kxg7 13. b4 Bxb4 14. Qd4+ f6 15. Qxb4 Ng6 16. h4 c5 17. Qd2 Nc6 18. Bb2 Nd4 19. Bxd4 cxd4 20. Qxd4 Qe7 21. Nd2 Rad8 22. Rac1 d5 23. exd5 Bxd5 24. Bxd5 Qd7 25. Ne4 Ne5 26. f4 Ng6 27. Rcd1 Ne7 28. Nc3 Qh3 29. Qf2 Nf5 30. Ne2 Rde8 31. Bg2 Qg4 32. Qf3 Qxf3 33. Bxf3 1-0

[Event "22nd ETCC Women 2019"]
[Site "Batumi"]
[Date "2019.10.27"]
[Round "4.18"]
[White "Peptan, Corina-Isabela"]
[Black "Balajayeva, Khanim"]
[Result "1-0"]
[ECO "D37"]
[WhiteElo "2371"]
[BlackElo "2368"]
[Annotator "NA"]
[PlyCount "83"]
[EventDate "2019.10.24"]
[EventType "team-tourn"]
[EventCountry "GEO"]
[SourceTitle "playchess.com"]
[Source "ChessBase"]
[SourceQuality "1"]
[WhiteTeam "Romania"]
[BlackTeam "Azerbaijan"]
[WhiteTeamCountry "ROU"]
[BlackTeamCountry "AZE"]
[TimeControl "40/5400+30:1800+30"]

1. d4 Nf6 2. c4 e6 3. Nf3 d5 4. Nc3 Be7 5. Bf4 O-O 6. e3 b6 7. Rc1 c5 8. cxd5 Nxd5 9. Nxd5 Qxd5 10. Bc4 Qd8 11. O-O Bb7 12. Qe2 cxd4 13. Nxd4 Bc5 14. Nb3 Qf6 15. Nxc5 bxc5 16. Rfd1 Rc8 17. Rd2 Nc6 18. Ba6 Bxa6 19. Qxa6 Nb4 20. Qc4 Nd5 21. Bg3 Nb6 22. Qe4 c4 23. Be5 Qg6 24. Qf3 Rd8 25. Rd4 Qf5 26. Qxf5 exf5 27. Rxd8+ Rxd8 28. g3 f6 29. Bd4 Rc8 30. Rc3 Kf7 31. Ra3 Rc7 32. Kf1 Ke6 33. h4 h5 34. Ra5 g5 35. hxg5 fxg5 36. Re5+ Kd6 37. Rxf5 Nd5 38. Rxg5 Rh7 39. Kg2 Ke6 40. a3 Kd6 41. Rg6+ Ke7 42. Ra6 1-0

[Event "22nd ETCC Women 2019"]
[Site "Batumi"]
[Date "2019.10.27"]
[Round "4.18"]
[White "Bejatovic, Bojana"]
[Black "Olsarova, Karolina"]
[Result "0-1"]
[ECO "C50"]
[WhiteElo "2004"]
[BlackElo "2294"]
[Annotator "NA"]
[PlyCount "52"]
[EventDate "2019.10.24"]
[EventType "team-tourn"]
[EventCountry "GEO"]
[SourceTitle "playchess.com"]
[Source "ChessBase"]
[SourceQuality "1"]
[WhiteTeam "Macedonia"]
[BlackTeam "Czech Republic"]
[WhiteTeamCountry "MKD"]
[BlackTeamCountry "CZE"]
[TimeControl "40/5400+30:1800+30"]

1. e4 e5 2. Nf3 Nc6 3. Bc4 Bc5 4. d3 Nf6 5. Nc3 O-O 6. Bg5 Be7 7. a4 d6 8. h3 Be6 9. O-O Nxe4 10. Nxe4 d5 11. Bxe7 Qxe7 12. Bb5 dxe4 13. dxe4 Rfd8 14. Qe2 Qc5 15. c3 f6 16. Nd2 Kh8 17. Rac1 a6 18. b4 Qd6 19. Nc4 Qd7 20. Bxc6 Qxc6 21. Na5 Qb6 22. Rfd1 c5 23. Nc4 Qc6 24. a5 Qb5 25. Rd5 Rxd5 26. exd5 Bxd5 0-1

[Event "22nd ETCC Women 2019"]
[Site "Batumi"]
[Date "2019.10.27"]
[Round "4.19"]
[White "Mammadova, Gulnar"]
[Black "Cosma, Elena-Luminita"]
[Result "1/2-1/2"]
[ECO "C13"]
[WhiteElo "2369"]
[BlackElo "2313"]
[Annotator "NA"]
[PlyCount "146"]
[EventDate "2019.10.24"]
[EventType "team-tourn"]
[EventCountry "GEO"]
[SourceTitle "playchess.com"]
[Source "ChessBase"]
[SourceQuality "1"]
[WhiteTeam "Azerbaijan"]
[BlackTeam "Romania"]
[WhiteTeamCountry "AZE"]
[BlackTeamCountry "ROU"]
[TimeControl "40/5400+30:1800+30"]

1. e4 e6 2. d4 d5 3. Nc3 Nf6 4. Bg5 Be7 5. e5 Nfd7 6. h4 Nc6 7. Qd2 Nb6 8. f4 Bd7 9. h5 h6 10. Bxe7 Qxe7 11. Nf3 O-O-O 12. a4 Nc4 13. Bxc4 dxc4 14. Nd1 Nb4 15. Ne3 f6 16. Nxc4 Bc6 17. c3 Bd5 18. Ne3 Bxf3 19. gxf3 Nd5 20. Nxd5 Rxd5 21. b4 Rf8 22. Qe3 fxe5 23. fxe5 Rf5 24. Ke2 Qf7 25. Rag1 Rd7 26. Qe4 Rxh5 27. a5 Rxh1 28. Rxh1 Rd8 29. a6 c6 30. Rb1 Qd7 31. axb7+ Kb8 32. Ke3 Rf8 33. c4 a6 34. Qd3 Qxb7 35. Ke2 Rf4 36. b5 cxb5 37. cxb5 a5 38. b6 Qd5 39. Qc3 Rf7 40. Rc1 Qb5+ 41. Ke3 Qxb6 42. Ra1 Qb7 43. Ke2 Qb4 44. Qa3 Qxa3 45. Rxa3 Ra7 46. Kd3 Kc7 47. d5 exd5 48. Kd4 a4 49. Kxd5 Kd7 50. f4 g6 51. Ke4 Ke6 52. Rg3 a3 53. Rxg6+ Kf7 54. Rg1 a2 55. Ra1 Ra4+ 56. Kf5 Ra6 57. Ke4 Ke6 58. f5+ Kf7 59. Kf4 Ra4+ 60. Kf3 h5 61. Kg3 h4+ 62. Kh3 Ke7 63. Kh2 Ra3 64. Kg2 Kf8 65. Kh2 Kf7 66. Kg2 h3+ 67. Kh2 Kg7 68. Kh1 Kh6 69. e6 Kg7 70. e7 Kf7 71. f6 Ra8 72. Kh2 Kxf6 73. e8=Q Rxe8 1/2-1/2

[Event "22nd ETCC Women 2019"]
[Site "Batumi"]
[Date "2019.10.27"]
[Round "4.19"]
[White "Sikorova, Olga"]
[Black "Manova, Ivana"]
[Result "1-0"]
[ECO "A05"]
[WhiteElo "2234"]
[BlackElo "1795"]
[Annotator "NA"]
[PlyCount "111"]
[EventDate "2019.10.24"]
[EventType "team-tourn"]
[EventCountry "GEO"]
[SourceTitle "playchess.com"]
[Source "ChessBase"]
[SourceQuality "1"]
[WhiteTeam "Czech Republic"]
[BlackTeam "Macedonia"]
[WhiteTeamCountry "CZE"]
[BlackTeamCountry "MKD"]
[TimeControl "40/5400+30:1800+30"]

1. Nf3 Nf6 2. c4 e6 3. g3 d5 4. b3 Be7 5. Bg2 a6 6. O-O O-O 7. Bb2 b5 8. Ne5 Bb7 9. Nc3 b4 10. Na4 Nbd7 11. Nxd7 Nxd7 12. cxd5 exd5 13. Rc1 c5 14. d4 Qa5 15. dxc5 Nxc5 16. Nxc5 Bxc5 17. Qd2 Qb6 18. Bxd5 Be7 19. Bxb7 Qxb7 20. Qf4 Rac8 21. Qg4 f6 22. Qe6+ Kh8 23. Rxc8 Rxc8 24. Rd1 h6 25. Rd7 Rc7 26. Rxc7 Qxc7 27. Bd4 Bd6 28. Qe8+ Kh7 29. Qe4+ Kh8 30. Qa8+ Kh7 31. Qxa6 Be5 32. Qd3+ Kh8 33. Be3 Qa5 34. Qc2 Bc3 35. Bc1 Be5 36. Bd2 Qa3 37. Qc8+ Kh7 38. Qc5 Bc3 39. Qf5+ Kh8 40. Qc2 Be5 41. Bc1 Qa7 42. Be3 Qa3 43. Bc5 Qa5 44. Qc4 Qxa2 45. Bxb4 Qa1+ 46. Kg2 Qa8+ 47. f3 Qa1 48. Bc5 Qa5 49. b4 Qc7 50. Qd5 Qb8 51. Qc6 Qd8 52. b5 f5 53. Qe6 Qc7 54. Qe7 Kg8 55. Qxc7 Bxc7 56. Ba7 1-0

[Event "22nd ETCC Women 2019"]
[Site "Batumi"]
[Date "2019.10.27"]
[Round "4.20"]
[White "Lehaci, Miruna-Daria"]
[Black "Mamedjarova, Turkan"]
[Result "0-1"]
[ECO "D45"]
[WhiteElo "2131"]
[BlackElo "2314"]
[Annotator "NA"]
[PlyCount "106"]
[EventDate "2019.10.24"]
[EventType "team-tourn"]
[EventCountry "GEO"]
[SourceTitle "playchess.com"]
[Source "ChessBase"]
[SourceQuality "1"]
[WhiteTeam "Romania"]
[BlackTeam "Azerbaijan"]
[WhiteTeamCountry "ROU"]
[BlackTeamCountry "AZE"]
[TimeControl "40/5400+30:1800+30"]

1. d4 d5 2. c4 e6 3. Nf3 Nf6 4. Nc3 c6 5. e3 Nbd7 6. Qc2 Bd6 7. Bd3 O-O 8. O-O dxc4 9. Bxc4 b5 10. Be2 Qc7 11. e4 e5 12. dxe5 Nxe5 13. Nd4 Ng6 14. h3 a6 15. Bg5 Nd7 16. Nf5 Be5 17. g3 h6 18. Be3 Nf6 19. f4 Bxc3 20. bxc3 Re8 21. Bd4 Nxe4 22. Nxg7 Re7 23. Bd3 Nxg3 24. Qg2 Nxf1 25. Rxf1 c5 26. Qxa8 cxd4 27. Nf5 Re8 28. cxd4 Rd8 29. Qg2 Bxf5 30. Bxf5 Rxd4 31. Bxg6 fxg6 32. f5 Rd6 33. fxg6 Qc5+ 34. Kh2 Qe5+ 35. Kh1 Qd5 36. Qxd5+ Rxd5 37. Rc1 Rd6 38. a4 b4 39. Rc8+ Kg7 40. Rb8 a5 41. Rb5 Rd2 42. Rb6 Ra2 43. h4 h5 44. Kg1 Rxa4 45. Kf2 Ra3 46. Kg2 b3 47. Kf3 b2+ 48. Kg2 Ra2 49. Kf3 Kh6 50. Ke3 a4 51. Ke4 a3 52. Kf5 Ra1 53. Kf6 Rf1+ 0-1

[Event "22nd ETCC Women 2019"]
[Site "Batumi"]
[Date "2019.10.27"]
[Round "4.20"]
[White "Koskoska, Gabriela"]
[Black "Miturova, Magdalena"]
[Result "1/2-1/2"]
[ECO "A28"]
[WhiteElo "2036"]
[BlackElo "2179"]
[Annotator "NA"]
[PlyCount "127"]
[EventDate "2019.10.24"]
[EventType "team-tourn"]
[EventCountry "GEO"]
[SourceTitle "playchess.com"]
[Source "ChessBase"]
[SourceQuality "1"]
[WhiteTeam "Macedonia"]
[BlackTeam "Czech Republic"]
[WhiteTeamCountry "MKD"]
[BlackTeamCountry "CZE"]
[TimeControl "40/5400+30:1800+30"]

1. c4 e5 2. Nc3 Nf6 3. Nf3 Nc6 4. a3 d5 5. cxd5 Nxd5 6. Qc2 Nde7 7. e3 g6 8. b4 a6 9. Bc4 Nf5 10. Bb2 Bg7 11. O-O O-O 12. Rad1 Nd6 13. Be2 Be6 14. Na4 Bf5 15. d3 Qe7 16. Nc5 Nd8 17. h3 a5 18. Nd2 axb4 19. axb4 b6 20. Nce4 Nxe4 21. dxe4 Be6 22. Ra1 Rxa1 23. Rxa1 f5 24. Ra7 Rf7 25. Ra8 Bf6 26. b5 Kg7 27. exf5 Bxf5 28. e4 Be6 29. Nf3 Qd6 30. Ba3 Qd7 31. Bb2 Qd6 32. Ba3 c5 33. bxc6 Qxc6 34. Qxc6 Nxc6 35. Ra6 Rb7 36. Bb2 Kf7 37. Bb5 Na7 38. Be2 Nc6 39. g4 Nd4 40. Bxd4 exd4 41. e5 Be7 42. Nxd4 Bc5 43. Nf3 h6 44. Nd2 Bd5 45. Bd3 Bd4 46. Kf1 Bxe5 47. Nc4 Bc7 48. Ke2 Kf6 49. Ne3 Bc6 50. h4 Be5 51. Nc4 Bd4 52. Ne3 Bc5 53. Ra8 Kg7 54. Rc8 Bd7 55. Rd8 Bxe3 56. Kxe3 Bxg4 57. Rd6 Bh5 58. Be4 Rb8 59. Rd7+ Kf6 60. Kd4 Ke6 61. Rh7 Rd8+ 62. Ke3 Kf6 63. Rb7 Rd6 64. f3 1/2-1/2

[Event "22nd ETCC Women 2019"]
[Site "Batumi"]
[Date "2019.10.27"]
[Round "4.21"]
[White "Unuk, Laura"]
[Black "Eric, Jovana"]
[Result "1-0"]
[ECO "A04"]
[WhiteElo "2278"]
[BlackElo "2285"]
[Annotator "NA"]
[PlyCount "79"]
[EventDate "2019.10.24"]
[EventType "team-tourn"]
[EventCountry "GEO"]
[SourceTitle "playchess.com"]
[Source "ChessBase"]
[SourceQuality "1"]
[WhiteTeam "Slovenia"]
[BlackTeam "Serbia"]
[WhiteTeamCountry "SLO"]
[BlackTeamCountry "SRB"]
[TimeControl "40/5400+30:1800+30"]

1. Nf3 e6 2. g3 f5 3. Bg2 Nf6 4. O-O d5 5. c4 Be7 6. b3 O-O 7. Bb2 c6 8. d3 a5 9. Nbd2 c5 10. e3 Nc6 11. d4 cxd4 12. Nxd4 Nb4 13. cxd5 Nbxd5 14. Nc4 Qe8 15. Nxf5 Bb4 16. Nfd6 Qe7 17. e4 Nc3 18. Qd3 b5 19. Nb6 Qxd6 20. Qxd6 Ne2+ 21. Kh1 Bxd6 22. Nxa8 Ng4 23. e5 Bc5 24. h3 Nxf2+ 25. Kh2 Rd8 26. Bc1 Bd4 27. Bg5 Rf8 28. Rae1 Nc3 29. Be3 Bxe3 30. Rxe3 b4 31. Kg1 Nfd1 32. Rxf8+ Kxf8 33. Rd3 Ba6 34. Rd6 Bb5 35. Nc7 Be2 36. Nxe6+ Ke7 37. Nxg7 Nxa2 38. Nf5+ Kf8 39. e6 Nac3 40. Rd8# 1-0

[Event "22nd ETCC Women 2019"]
[Site "Batumi"]
[Date "2019.10.27"]
[Round "4.21"]
[White "Goossens, Hanne"]
[Black "Cramling, Pia"]
[Result "0-1"]
[ECO "B41"]
[WhiteElo "2156"]
[BlackElo "2462"]
[Annotator "ChessBase"]
[PlyCount "70"]
[EventDate "2019.10.24"]
[EventType "team-tourn"]
[EventCountry "GEO"]
[SourceTitle "playchess.com"]
[Source "ChessBase"]
[SourceQuality "1"]
[WhiteTeam "Belgium"]
[BlackTeam "Sweden"]
[WhiteTeamCountry "BEL"]
[BlackTeamCountry "SWE"]
[TimeControl "40/5400+30:1800+30"]

1. e4 c5 2. Nf3 e6 3. d4 cxd4 4. Nxd4 a6 5. c4 Nf6 6. Nc3 Bb4 7. Qd3 d6 8. Bd2 Nbd7 9. f3 O-O 10. a3 Ne5 11. Qc2 Bc5 12. Be3 Bd7 13. b4 Ba7 14. Qb3 Qc7 15. Rc1 Rfc8 16. Na2 Qd8 17. Be2 Qe8 18. O-O Ba4 19. Qb2 d5 20. cxd5 exd5 21. Nc3 dxe4 22. Nxe4 Nxe4 23. fxe4 Bc6 24. Qb1 Rd8 25. Rcd1 Ba4 26. Rd2 Rd6 27. Kh1 Rad8 28. Qb2 f6 29. Nf5 Rxd2 30. Bxd2 Bc6 31. Ng3 Bb5 32. Bc3 Nd3 33. Bxd3 Rxd3 34. Ne2 Re3 35. Rf2 Rxe4 0-1

[Event "22nd ETCC Women 2019"]
[Site "Batumi"]
[Date "2019.10.27"]
[Round "4.22"]
[White "Injac, Teodora"]
[Black "Janzelj, Lara"]
[Result "1-0"]
[ECO "A07"]
[WhiteElo "2257"]
[BlackElo "2159"]
[Annotator "NA"]
[PlyCount "67"]
[EventDate "2019.10.24"]
[EventType "team-tourn"]
[EventCountry "GEO"]
[SourceTitle "playchess.com"]
[Source "ChessBase"]
[SourceQuality "1"]
[WhiteTeam "Serbia"]
[BlackTeam "Slovenia"]
[WhiteTeamCountry "SRB"]
[BlackTeamCountry "SLO"]
[TimeControl "40/5400+30:1800+30"]

1. Nf3 d5 2. g3 Nf6 3. Bg2 c6 4. O-O Bg4 5. c4 e6 6. d3 Be7 7. h3 Bh5 8. Qb3 Qc8 9. Be3 O-O 10. Nc3 Rd8 11. cxd5 exd5 12. Bd4 Nbd7 13. g4 Bg6 14. Rac1 Nc5 15. Qa3 Nfd7 16. b4 Ne6 17. Nxd5 Bf8 18. Qb2 Qb8 19. Ne3 Nxd4 20. Nxd4 Qe5 21. Nc4 Qf6 22. a3 b5 23. Nxc6 bxc4 24. Qxf6 Nxf6 25. Nxd8 Rxd8 26. Rxc4 h5 27. Rfc1 hxg4 28. hxg4 Re8 29. Bf3 Re5 30. Rc8 Rg5 31. R1c5 Rxc5 32. bxc5 Nd7 33. c6 Nb6 34. Rb8 1-0

[Event "22nd ETCC Women 2019"]
[Site "Batumi"]
[Date "2019.10.27"]
[Round "4.22"]
[White "Frisk, Ellinor"]
[Black "Barbier, Astrid"]
[Result "1-0"]
[ECO "B06"]
[WhiteElo "2227"]
[BlackElo "1974"]
[Annotator "NA"]
[PlyCount "67"]
[EventDate "2019.10.24"]
[EventType "team-tourn"]
[EventCountry "GEO"]
[SourceTitle "playchess.com"]
[Source "ChessBase"]
[SourceQuality "1"]
[WhiteTeam "Sweden"]
[BlackTeam "Belgium"]
[WhiteTeamCountry "SWE"]
[BlackTeamCountry "BEL"]
[TimeControl "40/5400+30:1800+30"]

1. d4 g6 2. e4 Bg7 3. Nf3 d6 4. Bc4 Nf6 5. Qe2 c6 6. Bd3 Nbd7 7. O-O c5 8. c3 cxd4 9. cxd4 Nb6 10. h3 O-O 11. Be3 Bd7 12. Nc3 Bc6 13. Rac1 e6 14. Rc2 Qd7 15. Rfc1 Rfc8 16. b3 Qd8 17. Qd2 Ne8 18. a4 a5 19. Qe2 Bd7 20. Nd2 f5 21. exf5 exf5 22. Nc4 Nxc4 23. Bxc4+ Kh8 24. Nd5 Bc6 25. Qd2 Nf6 26. Nxf6 Bxf6 27. Be6 Rcb8 28. d5 Bd7 29. Bxd7 Qxd7 30. Rc7 Qe8 31. Bd4 Bxd4 32. Qxd4+ Qe5 33. Qh4 h5 34. Qg5 1-0

[Event "22nd ETCC Women 2019"]
[Site "Batumi"]
[Date "2019.10.27"]
[Round "4.23"]
[White "Rozman, Monika"]
[Black "Velikic, Adela"]
[Result "0-1"]
[ECO "B73"]
[WhiteElo "2122"]
[BlackElo "2275"]
[Annotator "NA"]
[PlyCount "74"]
[EventDate "2019.10.24"]
[EventType "team-tourn"]
[EventCountry "GEO"]
[SourceTitle "playchess.com"]
[Source "ChessBase"]
[SourceQuality "1"]
[WhiteTeam "Slovenia"]
[BlackTeam "Serbia"]
[WhiteTeamCountry "SLO"]
[BlackTeamCountry "SRB"]
[TimeControl "40/5400+30:1800+30"]

1. e4 c5 2. Nf3 Nc6 3. Nc3 d6 4. d4 cxd4 5. Nxd4 Nf6 6. Be2 g6 7. Be3 Bg7 8. O-O O-O 9. h3 Bd7 10. Qd2 Nxd4 11. Bxd4 Bc6 12. Bf3 Nd7 13. Bxg7 Kxg7 14. Rad1 Qb6 15. Qd4+ Qxd4 16. Rxd4 Rac8 17. Re1 Rc7 18. Bd1 f6 19. Nd5 Bxd5 20. exd5 Rf7 21. c4 f5 22. f4 Nc5 23. b4 Ne4 24. Bc2 Nf6 25. Bb3 b6 26. Kf2 Rf8 27. Kf3 h5 28. g3 Ra8 29. Rd3 a5 30. a3 axb4 31. axb4 Ne4 32. g4 Ra3 33. Ke3 Kf6 34. gxh5 gxh5 35. Kd4 Rc8 36. Rg1 h4 37. Re3 Nd2 0-1

[Event "22nd ETCC Women 2019"]
[Site "Batumi"]
[Date "2019.10.27"]
[Round "4.23"]
[White "Mabille, Natacha"]
[Black "Cramling Bellon, Anna"]
[Result "0-1"]
[ECO "B43"]
[WhiteElo "1939"]
[BlackElo "2164"]
[Annotator "NA"]
[PlyCount "68"]
[EventDate "2019.10.24"]
[EventType "team-tourn"]
[EventCountry "GEO"]
[SourceTitle "playchess.com"]
[Source "ChessBase"]
[SourceQuality "1"]
[WhiteTeam "Belgium"]
[BlackTeam "Sweden"]
[WhiteTeamCountry "BEL"]
[BlackTeamCountry "SWE"]
[TimeControl "40/5400+30:1800+30"]

1. e4 c5 2. Nf3 e6 3. d4 cxd4 4. Nxd4 a6 5. Nc3 Qc7 6. a3 Nf6 7. Be2 b5 8. O-O Bb7 9. Qd3 Nc6 10. Bg5 Nxd4 11. Qxd4 Bc5 12. Qd3 Qe5 13. Bxf6 Qxf6 14. Bf3 Qe5 15. Rfd1 Bc6 16. b4 Be7 17. Ne2 O-O 18. Nd4 a5 19. Rab1 axb4 20. axb4 Ra4 21. Nxc6 dxc6 22. Qd7 Bxb4 23. Qxc6 g6 24. c4 Rb8 25. h3 Kg7 26. Be2 Bc5 27. Rxb5 Rxb5 28. cxb5 Rxe4 29. Bf3 Re1+ 30. Rxe1 Qxe1+ 31. Kh2 Bxf2 32. h4 Qg1+ 33. Kh3 Qh1+ 34. Kg4 Qxh4# 0-1

[Event "22nd ETCC Women 2019"]
[Site "Batumi"]
[Date "2019.10.27"]
[Round "4.24"]
[White "Gajcin, Marina"]
[Black "Vidic, Teja"]
[Result "1-0"]
[ECO "B10"]
[WhiteElo "2262"]
[BlackElo "2174"]
[Annotator "NA"]
[PlyCount "81"]
[EventDate "2019.10.24"]
[EventType "team-tourn"]
[EventCountry "GEO"]
[SourceTitle "playchess.com"]
[Source "ChessBase"]
[SourceQuality "1"]
[WhiteTeam "Serbia"]
[BlackTeam "Slovenia"]
[WhiteTeamCountry "SRB"]
[BlackTeamCountry "SLO"]
[TimeControl "40/5400+30:1800+30"]

1. e4 c6 2. Nf3 d5 3. Nc3 Nf6 4. e5 Ne4 5. d4 Nxc3 6. bxc3 c5 7. c4 Nc6 8. Be2 cxd4 9. Nxd4 Nxe5 10. cxd5 Qxd5 11. O-O e6 12. Nb5 Qc6 13. Bf4 f6 14. Rb1 a6 15. c3 Be7 16. Nd4 Qd5 17. Re1 O-O 18. c4 Qe4 19. Bxe5 fxe5 20. Nf3 Rd8 21. Qb3 Qf5 22. Bd1 b5 23. Bc2 Qf4 24. cxb5 axb5 25. Rxe5 Ra3 26. Qxb5 Bd7 27. Qe2 Rxf3 28. gxf3 Bd6 29. Rh5 g6 30. Rh3 Kg7 31. Rd1 Bc6 32. Qxe6 Qg5+ 33. Qg4 Qf6 34. Qh4 Qxh4 35. Rxh4 Bxf3 36. Rd3 Be7 37. Rxd8 Bxd8 38. Rd4 Bb6 39. Rd7+ Kh6 40. a4 Kg5 41. Rxh7 1-0

[Event "22nd ETCC Women 2019"]
[Site "Batumi"]
[Date "2019.10.27"]
[Round "4.24"]
[White "Bengtsson, Siv"]
[Black "Cuvelier, Annelies"]
[Result "1-0"]
[ECO "C77"]
[WhiteElo "2086"]
[BlackElo "1844"]
[Annotator "NA"]
[PlyCount "159"]
[EventDate "2019.10.24"]
[EventType "team-tourn"]
[EventCountry "GEO"]
[SourceTitle "playchess.com"]
[Source "ChessBase"]
[SourceQuality "1"]
[WhiteTeam "Sweden"]
[BlackTeam "Belgium"]
[WhiteTeamCountry "SWE"]
[BlackTeamCountry "BEL"]
[TimeControl "40/5400+30:1800+30"]

1. e4 e5 2. Nf3 Nc6 3. Bb5 a6 4. Ba4 Nf6 5. d3 b5 6. Bb3 d6 7. a4 Bg4 8. c3 Be7 9. h3 Bh5 10. O-O h6 11. Nbd2 O-O 12. Re1 Na5 13. Bc2 c5 14. Nf1 Nc6 15. Ng3 Bg6 16. Nh4 Bh7 17. Nhf5 b4 18. d4 cxd4 19. cxd4 a5 20. Be3 Re8 21. d5 Nb8 22. Nxe7+ Qxe7 23. Bd3 Rc8 24. Rc1 Rxc1 25. Bxc1 Na6 26. Be3 Nc5 27. Bxc5 dxc5 28. Qc2 Rc8 29. b3 Qd6 30. Qc4 Qb6 31. Nf1 Ne8 32. Nd2 Nd6 33. Qc2 Kf8 34. Qb2 f6 35. Qc2 g5 36. Qd1 Bg6 37. Qg4 Re8 38. Rc1 Re7 39. Qf3 Kg7 40. Qe3 Rc7 41. g3 Rc8 42. Kg2 Nf7 43. Bb5 Nd6 44. Bd7 Rc7 45. Bc6 Qa7 46. f3 Be8 47. Bxe8 Nxe8 48. Nc4 Kf7 49. f4 exf4 50. gxf4 Qa6 51. e5 Qb7 52. Rd1 Re7 53. fxg5 hxg5 54. e6+ Kg7 55. Qf3 Qb8 56. Qg3 Qd8 57. Ne3 Kg6 58. h4 Qd6 59. hxg5 fxg5 60. Nc4 Qxg3+ 61. Kxg3 Nf6 62. Nxa5 Ne4+ 63. Kf3 Nd6 64. Nc4 Nb7 65. Ke4 Nd8 66. Ne5+ Kf6 67. Rf1+ Kg7 68. Kf5 Re8 69. Kxg5 Nxe6+ 70. dxe6 Rxe6 71. Rf7+ Kg8 72. Rf5 Rd6 73. Kf4 Rd1 74. Ke4 Rd4+ 75. Ke3 Rd5 76. Nc6 Rxf5 77. Ne7+ Kf7 78. Nxf5 Ke6 79. Ke4 Kf6 80. Ne3 1-0

[Event "22nd ETCC Women 2019"]
[Site "Batumi"]
[Date "2019.10.27"]
[Round "4.25"]
[White "Shvayger, Yuliya"]
[Black "Socko, Monika"]
[Result "1/2-1/2"]
[ECO "C03"]
[WhiteElo "2336"]
[BlackElo "2417"]
[Annotator "NA"]
[PlyCount "144"]
[EventDate "2019.10.24"]
[EventType "team-tourn"]
[EventCountry "GEO"]
[SourceTitle "playchess.com"]
[Source "ChessBase"]
[SourceQuality "1"]
[WhiteTeam "Israel"]
[BlackTeam "Poland"]
[WhiteTeamCountry "ISR"]
[BlackTeamCountry "POL"]
[TimeControl "40/5400+30:1800+30"]

1. e4 e6 2. d4 d5 3. Nd2 Be7 4. Ngf3 Nf6 5. e5 Nfd7 6. Bd3 c5 7. c3 b6 8. O-O Ba6 9. Ne1 Bxd3 10. Nxd3 Nc6 11. Qg4 g6 12. Nf3 h5 13. Qg3 c4 14. Nde1 h4 15. Qg4 Rh5 16. h3 Nf8 17. Nc2 Nh7 18. Bd2 Qc7 19. b3 Na5 20. Rfb1 O-O-O 21. Ne3 Kb7 22. Nf1 Rc8 23. Rb2 Qd8 24. b4 Nc6 25. b5 Na5 26. Re1 Ng5 27. Nxg5 Bxg5 28. Bxg5 Rxg5 29. Qe2 Rh5 30. Ne3 Rc7 31. Qf3 Qe7 32. Rb4 Kb8 33. Ng4 Qg5 34. Nf6 Rh8 35. Qe3 Qf5 36. Qc1 Kb7 37. Re3 Qf4 38. Rb1 Qh6 39. Qa3 Qf8 40. Qb2 Kb8 41. Kf1 Qe7 42. Ke2 Ka8 43. Qb4 Nb7 44. Qxe7 Rxe7 45. Kf3 Na5 46. Re2 Kb7 47. Kg4 Rc7 48. Kg5 Rcc8 49. Re3 a6 50. bxa6+ Kxa6 51. Rf3 Rc7 52. Rf4 b5 53. Rxh4 Rb8 54. Rf4 b4 55. cxb4 c3 56. Rc1 Rxb4 57. Ne8 Rc6 58. Rxf7 Rxd4 59. Nc7+ Kb6 60. Nxe6 Rxe6 61. Rf6 Rc6 62. Rxc3 Rdc4 63. Rd3 Kc5 64. Kxg6 d4 65. e6 Rc2 66. Rdf3 Nc4 67. R3f5+ Kb4 68. Rd5 Kc3 69. e7 Rxf6+ 70. Kxf6 Rxf2+ 71. Ke6 Re2+ 72. Kf7 Rf2+ 1/2-1/2